[Event "Titled Tuesday Blitz July 26 Early 2022"]
[White "Bashirli, Saadat"]
[Black "Valmana Canto, Jaime"]
[WhiteFideId "13429990"]
[BlackFideId "2268990"]
[WhiteElo "1173"]
[BlackElo "2256"]
[Result "0-1"]
[Round "07"]
[TimeControl "180+1"]
[Date "2022.07.27"]
[WhiteClock "0:00:05"]
[BlackClock "0:00:07"]

1. d4 Nf6 2. e3 d6 3. f4 g6 4. Nf3 Bg7 5. Bd3 O-O 6. Nbd2 Nc6 7. c3 e5 8. O-O Qe7 9. Bc2 Bg4 10. h3 Bd7 11. Ng5 exd4 12. exd4 Rae8 13. Nde4 Nxe4 14. Nxe4 Bf5 15. Ng3 Bxc2 16. Qxc2 Qh4 17. Qf2 Ne7 18. Bd2 f5 19. Rae1 Nd5 20. Qf3 c6 21. Qf2 Nf6 22. Bc1 d5 23. Re5 Nd7 24. Rxe8 Rxe8 25. Re1 Qd8 26. Rxe8+ Qxe8 27. Qe3 Qf7 28. Nf1 Nb6 29. Nd2 Bf8 30. b3 Nc8 31. Nf3 Be7 32. Ne5 Qe6 33. Nf3 Qd6 34. Qe5 Bf6 35. Qe8+ Qf8 36. Qe6+ Kg7 37. Qd7+ Ne7 38. Qxb7 a5 39. Ne5 Bxe5 40. fxe5 f4 41. Kf2 Kg8 42. Qd7 Nf5 43. Qe6+ Kg7 44. Bxf4 Nxd4 45. Qd7+ Kg8 46. cxd4 Qxf4+ 47. Ke2 Qe4+ 48. Kf1 Qd3+ 49. Ke1 Qb1+ 50. Kf2 Qxa2+ 51. Kg3 Qxb3+ 52. Kh2 Qe3 53. Qe6+ Kg7 54. Qxc6 Qf4+ 55. Kg1 Qxd4+ 56. Kh2 Qxe5+ 57. Kh1 d4 58. Qb7+ Kh6 59. Qa6 Qe1+ 60. Kh2 Qe5+ 61. Kh1 Kg5 62. Qd3 h5 63. Qa3 Qe1+ 64. Kh2 Qe5+ 65. Kh1 h4 66. Kg1 Qe1+ 67. Kh2 Qg3+ 68. Kh1 Qxa3 69. Kg1 Qc1+ 70. Kh2 Qf4+ 71. Kh1 d3 72. Kg1 d2 73. g3 d1=Q+ 74. Kg2 Qdf3+ 75. Kg1 Q3xg3+ 76. Kh1 Qf1# 0-1


[Site "https://www.chess.com"]

[Event "Titled Tuesday Blitz July 26 Early 2022"]
[White "Blanco Ronquillo, Humberto L."]
[Black "Seo, Jung Min"]
[WhiteFideId "3504239"]
[BlackFideId "1734687"]
[WhiteElo "2423"]
[BlackElo "2414"]
[Result "1/2-1/2"]
[Round "07"]
[TimeControl "180+1"]
[Date "2022.07.26"]
[WhiteClock "0:00:09"]
[BlackClock "0:00:04"]

1. e4 c6 2. d4 d5 3. exd5 Qxd5 4. Nf3 Bg4 5. Be2 Nf6 6. O-O e6 7. Bf4 Be7 8. c3 O-O 9. Nbd2 Qd8 10. Qb3 Qb6 11. Nc4 Qa6 12. Rfe1 Bxf3 13. Bxf3 Nbd7 14. Be2 b5 15. Nd6 Nd5 16. Bg3 N7b6 17. Qc2 Rfd8 18. Ne4 Qb7 19. Bf3 Rac8 20. Qe2 a6 21. Nc5 Bxc5 22. dxc5 Nd7 23. Bd6 N7f6 24. a4 Ne8 25. Bg3 Qe7 26. Bxd5 Rxd5 27. b4 h6 28. axb5 axb5 29. h3 Qd7 30. Red1 Rd8 31. Rxd5 Qxd5 32. Kh2 Nf6 33. f3 Qb3 34. Bc7 Rc8 35. Be5 Nd5 36. Qe1 Re8 37. Ra6 f6 38. Bd4 e5 39. Rxc6 Ne7 40. Rc7 exd4 41. Rxe7 Rxe7 42. Qxe7 dxc3 43. Qe8+ Kh7 44. Qe4+ Kg8 45. Qe8+ Kh7 46. Qe4+ Kh8 47. Qe8+ Qg8 48. Qe4 Qb3 49. Qe8+ Qg8 50. Qe4 Qb8+ 51. f4 Qc7 52. g3 Qd7 53. c6 Qd2+ 54. Kg1 Qd1+ 55. Kh2 Qd2+ 56. Kg1 c2 57. Qe8+ Kh7 58. Qe4+ Kg8 59. Qe8+ Kh7 60. Qe4+ f5 61. Qxf5+ Kg8 62. Qe6+ Kf8 63. Qc8+ Ke7 64. Qc7+ Ke6 65. Qc8+ Kf6 66. Qf8+ Kg6 67. Qe8+ Kf5 68. Qe5+ Kg6 69. Qe6+ Kh7 70. Qe4+ Kg8 71. Qe8+ Kh7 72. Qe4+ Kg8 73. Qe8+ Kh7 74. Qe4+ 1/2-1/2


[Site "https://www.chess.com"]

[Event "Titled Tuesday Blitz July 26 Early 2022"]
[White "Bressac, Stephane"]
[Black "Large, Peter G"]
[WhiteFideId "655945"]
[BlackFideId "400866"]
[WhiteElo "2321"]
[BlackElo "2064"]
[Result "0-1"]
[Round "07"]
[TimeControl "180+1"]
[Date "2022.07.27"]
[WhiteClock "0:00:20"]
[BlackClock "0:00:11"]

1. e4 c5 2. Nf3 d6 3. Bb5+ Nc6 4. Bxc6+ bxc6 5. O-O e5 6. c3 Nf6 7. Re1 Be7 8. d4 cxd4 9. cxd4 Qc7 10. dxe5 dxe5 11. Qc2 O-O 12. b3 Bg4 13. Nbd2 Rfe8 14. h3 Bh5 15. Bb2 Bb4 16. Rec1 Rac8 17. a3 Bf8 18. b4 Qb8 19. Ne1 c5 20. b5 Qxb5 21. Nc4 Qb8 22. f3 Bg6 23. Nd3 Nd7 24. Bc3 Qc7 25. Ba5 Qc6 26. Rab1 f6 27. Bc3 Bf7 28. Na5 Qa6 29. Nb2 c4 30. Bb4 Bxb4 31. axb4 Qb6+ 32. Kh2 Qxb4 33. Qa4 Qxa4 34. Nxa4 Nc5 35. Nxc5 Rxc5 36. Nb7 Rc7 37. Nd6 Rd8 38. Nb5 Rcd7 39. Nc3 h5 40. Kg3 Rc7 41. Nb5 Rb7 42. Nc3 Rb3 43. Na4 Rxb1 44. Rxb1 Rd7 45. Rb8+ Kh7 46. Rc8 Rd2 47. h4 Kg6 48. Rc7 Be8 49. Nc5 Bf7 50. Rxa7 c3 51. Rc7 c2 52. Na6 Bb3 53. Nb4 Rd1 54. Nxc2 Rc1 55. Rb7 Bxc2 56. Rc7 Kh6 57. Kf2 Kh7 58. Ke3 Kg8 59. Kd2 Rg1 60. Kxc2 Rxg2+ 61. Kd3 Rh2 62. Ke3 Rxh4 63. Rc8+ Kh7 64. Rc1 Rh2 65. Rf1 g5 66. f4 gxf4+ 67. Kf3 Rh3+ 68. Kg2 Rg3+ 69. Kf2 Kg6 70. Rh1 Kg5 71. Rc1 Rb3 72. Rc8 Rb2+ 73. Kf3 Rb3+ 74. Kf2 h4 75. Rg8+ Kh5 76. Rf8 Kg6 77. Rg8+ Kf7 78. Rh8 h3 79. Rh7+ Kg6 80. Rh8 Re3 81. Rg8+ Kf7 82. Rh8 Rxe4 83. Rxh3 Re3 84. Rh7+ Kg6 85. Rh8 Ra3 86. Rg8+ Kf5 87. Ra8 Rxa8 88. Kf3 Ra3+ 89. Kf2 e4 90. Ke2 Ra2+ 91. Kd1 f3 92. Ke1 e3 93. Kf1 Ra1# 0-1


[Site "https://www.chess.com"]

[Event "Titled Tuesday Blitz July 26 Early 2022"]
[White "Broca Jimenez, Fernando"]
[Black "Grot, Blazej"]
[WhiteFideId "5104742"]
[BlackFideId "21835845"]
[WhiteElo "2062"]
[BlackElo "1614"]
[Result "0-1"]
[Round "07"]
[TimeControl "180+1"]
[Date "2022.07.27"]
[WhiteClock "0:00:22"]
[BlackClock "0:00:07"]

1. e4 c5 2. d4 cxd4 3. c3 Nf6 4. e5 Nd5 5. Nf3 e6 6. Bc4 dxc3 7. Bxd5 cxb2 8. Bxb2 exd5 9. Qxd5 Nc6 10. O-O Qa5 11. Qe4 Be7 12. Nc3 h6 13. Nd5 O-O 14. Bc3 Qd8 15. Rad1 Qe8 16. Nc7 Qd8 17. Nxa8 b6 18. Rfe1 Bb7 19. Nxb6 axb6 20. Nd4 Qc7 21. Nb5 Qb8 22. Nd6 Bxd6 23. exd6 Qd8 24. Qg4 Qg5 25. Qxg5 hxg5 26. Re2 Ba6 27. Rb2 Bc4 28. Rxb6 Bxa2 29. Rb7 Be6 30. Ra1 Rc8 31. h3 f6 32. Rb2 Kf7 33. Re1 Ra8 34. Rd1 Ra3 35. Bb4 Rb3 36. Rxb3 Bxb3 37. Rb1 Ba2 38. Rb2 Bd5 39. Bc3 Ke6 40. f3 Kxd6 41. Bb4+ Ke6 42. Kf2 Kf7 43. Bc3 Be6 44. Rb7 Ke7 45. Rc7 Nd8 46. Rc8 Nf7 47. Bb4+ Nd6 48. Ra8 Bd5 49. Rb8 Bc6 50. Rg8 Kf7 51. Rd8 Nf5 52. Bc5 Ne7 53. Bxe7 Kxe7 54. Rc8 Kf7 55. Rb8 Ke7 56. Ke3 Kf7 57. g3 Ke7 58. f4 gxf4+ 59. Kxf4 Kf7 60. g4 Ke7 61. h4 Kf7 62. h5 Bd5 63. Rd8 Be6 64. Rh8 Ke7 65. Rh7 Kf8 66. h6 gxh6 67. Rxh6 Kg7 68. Rh1 Kg6 69. Rd1 Kg7 70. Rd6 Kg6 71. Ra6 Kg7 72. Ra8 Kg6 73. Rg8+ Bxg8 74. Kf3 Be6 75. Kg3 Kg5 76. Kf3 Bxg4+ 77. Ke3 Be6 0-1


[Site "https://www.chess.com"]

[Event "Titled Tuesday Blitz July 26 Early 2022"]
[White "Chen, Justin"]
[Black "Seemann, Jakub"]
[WhiteFideId "2098199"]
[BlackFideId "21874697"]
[WhiteElo "2289"]
[BlackElo "2033"]
[Result "1-0"]
[Round "07"]
[TimeControl "180+1"]
[Date "2022.07.27"]
[WhiteClock "0:00:04"]
[BlackClock "0:00:23"]

1. e4 c6 2. d4 d5 3. exd5 cxd5 4. Bd3 Nf6 5. c3 g6 6. Bf4 Nc6 7. Nf3 Bf5 8. Ne5 Bxd3 9. Nxd3 e6 10. Nd2 Bd6 11. Bh6 Bf8 12. Bf4 Bg7 13. O-O O-O 14. Qe2 Nd7 15. Rae1 b5 16. Qe3 a5 17. Bh6 b4 18. Bxg7 Kxg7 19. c4 dxc4 20. Nxc4 Nf6 21. Nde5 Qxd4 22. Nxc6 Qxc4 23. Ne5 Qxa2 24. Re2 Qd5 25. g4 Nd7 26. Nf3 Nf6 27. Ne5 Rad8 28. h4 Nd7 29. Nf3 Nc5 30. h5 gxh5 31. gxh5 Qxh5 32. Ne5 Rd5 33. f4 Kh8 34. Rg2 Nd7 35. Qg3 Qg6 36. Nxg6+ hxg6 37. Rh2+ Kg7 38. Qh4 Rh5 39. Qg3 Rf5 40. Rff2 Nf6 41. Rh4 Nh5 42. Qe3 Rd8 43. Rd2 Rc8 44. Qd4+ Kh7 45. Kg2 Rc1 46. Rf2 Kg8 47. Qd8+ Kg7 48. Qd2 Ra1 49. Rh1 Ra2 50. Rc1 Nf6 51. Rc7 b3 52. Qc3 Ra4 53. Rb7 g5 54. fxg5 Rxg5+ 55. Kf1 Rf5 56. Rxf5 exf5 57. Qxb3 Rf4+ 58. Kg2 Rg4+ 59. Kh2 Kh6 60. Qxf7 Rg6 61. Qe7 Kg5 62. Kg3 Kh5+ 63. Kf3 Kg5 64. Qd6 Ng4 65. Qf4+ Kh5 66. Rh7+ Nh6 67. Rxh6+ Rxh6 68. Qxf5+ Kh4 69. Qxa5 Rf6+ 70. Kg2 Rg6+ 71. Kh2 Rg4 72. Qf5 Rb4 73. Qf6+ Kh5 74. Qc3 Rb7 75. b4 Kh4 76. Qg3+ Kh5 77. Qf3+ Kh4 78. Qxb7 1-0


[Site "https://www.chess.com"]

[Event "Titled Tuesday Blitz July 26 Early 2022"]
[White "Coleman, Maxx"]
[Black "Shtyka, Sergey"]
[WhiteFideId "2027119"]
[BlackFideId "4138465"]
[WhiteElo "2278"]
[BlackElo "1995"]
[Result "0-1"]
[Round "07"]
[TimeControl "180+1"]
[Date "2022.07.27"]
[WhiteClock "0:00:15"]
[BlackClock "0:00:15"]

1. c4 c5 2. Nc3 Nc6 3. g3 g6 4. Bg2 Bg7 5. Nf3 Nf6 6. O-O O-O 7. d4 cxd4 8. Nxd4 Nxd4 9. Qxd4 d6 10. e4 Ng4 11. Qd1 Ne5 12. Qc2 Nxc4 13. Nd5 Nb6 14. Nc7 Rb8 15. Be3 Bd7 16. Bxb6 axb6 17. Nd5 e6 18. Ne3 Qe7 19. Qb3 b5 20. Rfd1 Rfd8 21. Rac1 Bc6 22. Nc2 Rbc8 23. Nd4 Bxd4 24. Rxd4 Bd5 25. Qe3 Rxc1+ 26. Qxc1 Bxa2 27. Rb4 d5 28. Rxb5 Bc4 29. Ra5 Qb4 30. Qc3 Qxc3 31. bxc3 b5 32. exd5 exd5 33. Bf1 Kg7 34. f3 Kf6 35. Kf2 Bxf1 36. Kxf1 Rb8 37. Ke2 Ke5 38. Kd3 g5 39. Ra1 b4 40. Ra7 b3 41. Ra1 f5 42. Re1+ Kd6 43. Rb1 Kc5 44. Rb2 Rb7 45. h4 h6 46. hxg5 hxg5 47. Rb1 Rb8 48. Rb2 Rb6 49. Rb1 b2 50. Kc2 Kc4 51. Rxb2 Rxb2+ 52. Kxb2 Kd3 53. Kb3 Ke3 54. Kb4 Kxf3 55. Kc5 Kxg3 56. Kxd5 f4 57. c4 f3 58. c5 f2 59. c6 f1=Q 60. c7 Qf8 0-1


[Site "https://www.chess.com"]

[Event "Titled Tuesday Blitz July 26 Early 2022"]
[White "Coto Mederos, Michel"]
[Black "Fiol, Fabrice"]
[WhiteFideId "3508528"]
[BlackFideId "611670"]
[WhiteElo "2427"]
[BlackElo "2369"]
[Result "1-0"]
[Round "07"]
[TimeControl "180+1"]
[Date "2022.07.27"]
[WhiteClock "0:00:06"]
[BlackClock "0:00:02"]

1. c4 e5 2. Nc3 Nc6 3. g3 g6 4. Bg2 Bg7 5. e3 d6 6. Nge2 f5 7. d4 Nf6 8. dxe5 Nxe5 9. O-O O-O 10. b3 c6 11. Ba3 Ne8 12. Qc2 Be6 13. Rad1 Qc7 14. Nf4 Bf7 15. h4 a5 16. Rd2 Rd8 17. Rfd1 Kh8 18. Nce2 Bg8 19. Nd4 Qe7 20. Bb2 Nf6 21. Ba3 Neg4 22. Nf3 Ne4 23. Re2 Nexf2 24. Rxf2 Qxe3 25. Bc1 Qc5 26. Nd3 Qa7 27. Kf1 Nxf2 28. Qxf2 Qa6 29. Bb2 a4 30. Bxg7+ Kxg7 31. Qd4+ Rf6 32. Nc5 Qa8 33. Ng5 Re8 34. Nd7 Rf8 35. Nxf6 Rxf6 36. Re1 Qd8 37. b4 b5 38. cxb5 cxb5 39. Bd5 Bxd5 40. Qxd5 Qc8 41. Re7+ Kf8 42. Rf7+ Ke8 43. Rxf6 Qc1+ 44. Ke2 Qc2+ 45. Qd2 Qc4+ 46. Kf2 h6 47. Qe3+ Kd8 48. Nf7+ Kc7 49. Qe7+ Kb8 50. Qxd6+ Kb7 51. Qd7+ Kb8 52. Rb6+ Ka8 53. Qb7# 1-0


[Site "https://www.chess.com"]

[Event "Titled Tuesday Blitz July 26 Early 2022"]
[White "D`Arruda, Ricardo D."]
[Black "Jaskolka, Tomasz"]
[WhiteFideId "100692"]
[BlackFideId "1170791"]
[WhiteElo "2460"]
[BlackElo "2073"]
[Result "0-1"]
[Round "07"]
[TimeControl "180+1"]
[Date "2022.07.27"]
[WhiteClock "0:00:01"]
[BlackClock "0:00:11"]

1. Nf3 d5 2. d3 Nd7 3. g3 e5 4. Bg2 Bd6 5. e4 c6 6. Nc3 Ngf6 7. O-O O-O 8. Nh4 Re8 9. exd5 cxd5 10. Nxd5 Nxd5 11. Bxd5 Nf6 12. Bg2 Bg4 13. Bf3 Bh3 14. Re1 Qd7 15. Bg5 Bc5 16. Bxf6 gxf6 17. Bg2 Bg4 18. Qd2 Rac8 19. Bf3 Bh3 20. c3 Red8 21. Qh6 Qxd3 22. Be4 Qd2 23. Qxh7+ Kf8 24. Ng2 Qxf2+ 25. Kh1 Bxg2+ 26. Bxg2 Rd2 27. Qh3 Rcd8 28. Rf1 Qe2 29. Qh8+ Ke7 30. Qxf6+ Kd7 31. Qxf7+ Be7 32. Bh3+ Kc6 33. Qf3+ Qxf3+ 34. Rxf3 Rxb2 35. Bf5 Rdd2 36. Be4+ Kc5 37. Rf7 Rxh2+ 38. Kg1 Bg5 39. Re1 Rhd2 40. Rf5 Bd8 41. Rxe5+ Kb6 42. Rd5 Ka6 43. Rxd2 Rxd2 44. Bf3 Bb6+ 45. Kh1 Ka5 46. Re2 Rd3 47. Kg2 Rxc3 48. Bxb7 Bc7 49. Bf3 Kb4 50. Rb2+ Kc5 51. Rb3 Rc2+ 52. Kh3 Rxa2 53. Rc3+ Kd6 54. Rc6+ Kd7 55. Rh6 Ra3 56. Rf6 Be5 57. Bg4+ Kc7 58. Rf7+ Kd6 59. Bf3 a5 60. Kg4 a4 61. Ra7 Ra1 62. Ra6+ Kc5 63. Ra5+ Kd4 64. Kf5 Bxg3 65. Bc6 a3 66. Rd5+ Kc4 67. Rb5 Be1 0-1


[Site "https://www.chess.com"]

[Event "Titled Tuesday Blitz July 26 Early 2022"]
[White "Dubov, Daniil"]
[Black "Chigaev, Maksim"]
[WhiteFideId "24126055"]
[BlackFideId "4108116"]
[WhiteElo "2791"]
[BlackElo "2438"]
[Result "1/2-1/2"]
[Round "07"]
[TimeControl "180+1"]
[Date "2022.07.26"]
[WhiteClock "0:00:04"]
[BlackClock "0:00:06"]

1. Nf3 Nf6 2. g3 g6 3. b4 Bg7 4. Bb2 O-O 5. Bg2 a5 6. b5 d6 7. d4 Nbd7 8. O-O Nb6 9. a4 Nc4 10. Bc1 e5 11. dxe5 dxe5 12. Nbd2 Nxd2 13. Nxd2 e4 14. Ba3 e3 15. fxe3 Ng4 16. Nb3 Nxe3 17. Bxf8 Nxd1 18. Bxg7 Kxg7 19. Raxd1 Qe7 20. Nd4 c6 21. bxc6 bxc6 22. Nxc6 Qc5+ 23. Nd4 Ra7 24. Kh1 Re7 25. Rd2 h5 26. h4 Ba6 27. Kh2 Bb7 28. Bxb7 Rxb7 29. Nf3 Re7 30. Kg2 Qc6 31. Rf2 Qxa4 32. Ng5 Qc6+ 33. Kh2 a4 34. Rd3 f6 35. Nh3 Qc5 36. Rdf3 f5 37. Nf4 a3 38. Rf1 a2 39. Ra1 Qxc2 40. Ra3 Rxe2+ 41. Nxe2 Qxe2+ 42. Kh1 Qe4+ 43. Kh2 Qc2+ 44. Kh3 f4 45. R3xa2 Qf5+ 46. Kg2 Qg4 47. Ra3 Kh6 48. Rf3 fxg3 49. Rh1 Qe4 50. Kxg3 Qg4+ 51. Kf2 Qd4+ 52. Kg3 Qg4+ 53. Kf2 Qd4+ 54. Kg3 Qg4+ 1/2-1/2


[Site "https://www.chess.com"]

[Event "Titled Tuesday Blitz July 26 Early 2022"]
[White "Erenberg, Ariel"]
[Black "Bryakin, Mikhail"]
[WhiteFideId "2811634"]
[BlackFideId "4165314"]
[WhiteElo "2243"]
[BlackElo "2422"]
[Result "1-0"]
[Round "07"]
[TimeControl "180+1"]
[Date "2022.07.26"]
[WhiteClock "0:00:27"]
[BlackClock "0:00:36"]

1. e4 e5 2. Nf3 Nf6 3. Nxe5 d6 4. Nf3 Nxe4 5. Nc3 Nf6 6. d4 Be7 7. Bd3 O-O 8. h3 d5 9. O-O Re8 10. Re1 Nbd7 11. Bf4 c6 12. Ne2 Nf8 13. Ne5 Ne6 14. Bh2 Qb6 15. Rb1 c5 16. c3 cxd4 17. Nxd4 Nxd4 18. cxd4 Bb4 19. Re3 Be6 20. Bf4 Rac8 21. Rg3 Kf8 22. a3 Qxd4 23. Qf3 Bd6 24. Re1 Qxb2 25. Rxg7 Qc3 26. Re2 Ne4 27. Rxf7+ Bxf7 28. Bh6+ 1-0


[Site "https://www.chess.com"]

[Event "Titled Tuesday Blitz July 26 Early 2022"]
[White "Ernst, Sipke"]
[Black "Kozlov, Oleg"]
[WhiteFideId "1004689"]
[BlackFideId "4104544"]
[WhiteElo "2436"]
[BlackElo "2132"]
[Result "1-0"]
[Round "07"]
[TimeControl "180+1"]
[Date "2022.07.26"]
[WhiteClock "0:02:25"]
[BlackClock "0:01:01"]

1. d4 f5 2. Nc3 Nf6 3. Bg5 d5 4. Bxf6 exf6 5. e3 Be6 6. Nce2 g6 7. Nf4 Bf7 8. h4 h5 9. c4 Bb4+ 10. Ke2 c6 11. Qb3 a5 12. c5 Na6 13. a3 a4 14. Qxa4 Ba5 15. Nf3 O-O 16. Qc2 Re8 17. g3 Bc7 18. Bg2 Qd7 19. Rhd1 Bd8 20. Kf1 Nc7 21. b4 g5 22. hxg5 fxg5 23. Nd3 h4 24. gxh4 gxh4 25. Bh3 Bh5 26. Nde5 Qg7 27. Ke2 Bg4 28. Rg1 1-0


[Site "https://www.chess.com"]

[Event "Titled Tuesday Blitz July 26 Early 2022"]
[White "Estrada Nieto, Julian"]
[Black "Averjanov, Alexey"]
[WhiteFideId "5101018"]
[BlackFideId "14109867"]
[WhiteElo "2252"]
[BlackElo "2646"]
[Result "0-1"]
[Round "07"]
[TimeControl "180+1"]
[Date "2022.07.27"]
[WhiteClock "0:00:01"]
[BlackClock "0:00:57"]

1. e4 c6 2. d4 d5 3. exd5 cxd5 4. Bd3 Nc6 5. c3 Qc7 6. Ne2 Bg4 7. O-O Bh5 8. Qe1 e6 9. Bf4 Bd6 10. Bxd6 Qxd6 11. Ng3 Bg6 12. Qe2 Nf6 13. Nd2 O-O 14. Bxg6 hxg6 15. Nf3 Nd7 16. Rfe1 Rab8 17. a4 a6 18. h4 b5 19. axb5 axb5 20. Ra6 b4 21. h5 bxc3 22. bxc3 gxh5 23. Nxh5 g6 24. Ng3 Ra8 25. Rea1 Rxa6 26. Rxa6 Qc7 27. Qd2 Kg7 28. Nh5+ Kh7 29. Qg5 Ncb8 30. Ra3 Qd8 31. Qg4 Nf6 32. Nxf6+ Qxf6 33. Ne5 Kg7 34. c4 dxc4 35. Rh3 Rh8 36. Rf3 Qe7 37. Rxf7+ Qxf7 38. Nxf7 Kxf7 39. Qe4 Rd8 40. Qb7+ Kf6 41. Qc7 Re8 42. Qxc4 Nd7 43. Qc6 Ke7 44. g3 Rd8 45. Kg2 Nf6 46. Qc5+ Kf7 47. Qe5 Rd5 48. Qc7+ Rd7 49. Qb6 Nd5 50. Qc6 Rc7 51. Qd6 Rc2 52. Qe5 Rc6 53. Kf3 Nf6 54. Qb8 Rc3+ 55. Kg2 Nd5 56. Qb7+ Rc7 57. Qb8 Re7 58. Qh8 Nf6 59. Qd8 Rd7 60. Qb6 g5 61. Qc5 g4 62. Qg5 Rxd4 63. Qh6 Rd2 64. Qh8 Rd7 65. Qb8 e5 66. Qxe5 Re7 67. Qf5 Re6 68. Qa5 Kg6 69. Qa8 Re8 70. Qb7 Re5 71. Qb1+ Kg5 72. Qb2 Rf5 73. Qd2+ Kg6 74. Qd3 Kg5 75. Qe3+ Kh5 76. Qd3 Re5 77. Qd4 Rf5 78. Qd3 Rg5 79. Qe3 Kg6 80. Qd3+ Kg7 81. Qd4 Rf5 82. Qd3 Re5 83. Qd4 Re6 84. Qf4 Kf7 85. Qg5 Re4 0-1


[Site "https://www.chess.com"]

[Event "Titled Tuesday Blitz July 26 Early 2022"]
[White "Ferreira, Vitor Hugo Vieira"]
[Black "Melikyan, Gnel"]
[WhiteFideId "2119765"]
[BlackFideId "54109990"]
[WhiteElo "2168"]
[BlackElo "1772"]
[Result "0-1"]
[Round "07"]
[TimeControl "180+1"]
[Date "2022.07.27"]
[WhiteClock "0:00:06"]
[BlackClock "0:01:05"]

1. e4 c5 2. Nf3 Nf6 3. Nc3 d6 4. d4 cxd4 5. Nxd4 g6 6. Be3 Bg7 7. f3 O-O 8. Qd2 Nc6 9. g4 Be6 10. Nxe6 fxe6 11. O-O-O Ne5 12. Be2 Qc8 13. h4 Nfd7 14. f4 Nc4 15. Bxc4 Qxc4 16. e5 Rad8 17. h5 dxe5 18. hxg6 exf4 19. Qh2 h6 20. Bd4 Nf6 21. g5 Rxd4 22. gxh6 Rxd1+ 23. Nxd1 Ng4 24. Qg1 Nxh6 25. Qg5 Qd5 26. Qh4 f3 27. Ne3 Qd4 28. Qf2 Qxb2+ 29. Kd2 Qc3+ 30. Kc1 Rd8 0-1


[Site "https://www.chess.com"]

[Event "Titled Tuesday Blitz July 26 Early 2022"]
[White "Gatterer, Florian"]
[Black "Dahlgren, James Allen"]
[WhiteFideId "811688"]
[BlackFideId "22256873"]
[WhiteElo "2218"]
[BlackElo "2065"]
[Result "1-0"]
[Round "07"]
[TimeControl "180+1"]
[Date "2022.07.27"]
[WhiteClock "0:00:04"]
[BlackClock "0:00:01"]

1. Nf3 e6 2. g3 c5 3. c4 d5 4. cxd5 exd5 5. d4 Nf6 6. Bg2 Nc6 7. O-O Be7 8. Nc3 O-O 9. dxc5 h6 10. Na4 Ne4 11. Be3 Bg4 12. Rc1 Qd7 13. a3 a5 14. Nb6 Qf5 15. Nxa8 Rxa8 16. Nh4 Qe6 17. Nf3 Bh3 18. Nd4 Nxd4 19. Bxd4 Bxg2 20. Kxg2 Rc8 21. b4 Ng5 22. h4 Qh3+ 23. Kg1 Ne4 24. Qd3 axb4 25. axb4 g5 26. Qf3 Nd2 27. Qg2 Qxg2+ 28. Kxg2 Nxf1 29. Kxf1 gxh4 30. gxh4 Bxh4 31. b5 f5 32. c6 bxc6 33. bxc6 Kf7 34. c7 Bf6 35. Bxf6 Kxf6 36. Rc6+ Ke5 37. e3 d4 38. Rc5+ Kd6 39. exd4 Rxc7 40. Rxf5 Rc2 41. Kg2 Ke6 42. Rh5 Rd2 43. Rxh6+ Kf5 44. Rh4 Ra2 45. Kf3 Ra3+ 46. Kg2 Rd3 47. f3 Rd2+ 48. Kg3 Rd3 49. Rg4 Rd2 50. Re4 Rd3 51. Rf4+ Kg5 52. Rg4+ Kf5 53. Kf2 Ra3 54. Ke2 1-0


[Site "https://www.chess.com"]

[Event "Titled Tuesday Blitz July 26 Early 2022"]
[White "Gheorghiu, Calin"]
[Black "Williams, Simon K"]
[WhiteFideId "1200305"]
[BlackFideId "404454"]
[WhiteElo "2168"]
[BlackElo "2468"]
[Result "1-0"]
[Round "07"]
[TimeControl "180+1"]
[Date "2022.07.27"]
[WhiteClock "0:00:17"]
[BlackClock "0:00:05"]

1. b3 e5 2. Bb2 e4 3. g3 d5 4. Bg2 h5 5. h4 Nf6 6. e3 Bg4 7. Qc1 Nbd7 8. Nc3 c6 9. d3 Nc5 10. Qd2 Qb6 11. d4 Ne6 12. Nce2 a5 13. a3 a4 14. b4 Qc7 15. Nh3 b5 16. O-O Bd6 17. Nef4 Nxf4 18. exf4 O-O 19. Ng5 Nd7 20. f3 exf3 21. Bxf3 Bxf3 22. Rxf3 Rae8 23. Re1 Nf6 24. Rfe3 Qd7 25. Qd3 g6 26. Re5 Ng4 27. Bc3 Kg7 28. Qe2 Nf6 29. Bb2 Qg4 30. Qxg4 hxg4 31. f5 Nh5 32. Rxe8 Rxe8 33. Rxe8 gxf5 34. Rd8 Bxg3 35. Rd7 Kg6 36. Nxf7 f4 37. Bc1 f3 38. Ne5+ Bxe5 39. dxe5 g3 40. e6 Nf6 41. Rf7 f2+ 42. Kg2 Ne4 43. Be3 Nd6 44. h5+ Kxh5 45. e7 Kg6 46. Rf8 1-0


[Site "https://www.chess.com"]

[Event "Titled Tuesday Blitz July 26 Early 2022"]
[White "Gundam, Rohit"]
[Black "Krylov, Ivan"]
[WhiteFideId "75002809"]
[BlackFideId "24128066"]
[WhiteElo "2419"]
[BlackElo "2257"]
[Result "1-0"]
[Round "07"]
[TimeControl "180+1"]
[Date "2022.07.27"]
[WhiteClock "0:00:07"]
[BlackClock "0:00:07"]

1. d4 d5 2. Nf3 Nf6 3. c4 e6 4. Nc3 Be7 5. Bg5 O-O 6. e3 b6 7. Rc1 Bb7 8. cxd5 Nxd5 9. Bxe7 Qxe7 10. Be2 c6 11. Ne5 Nd7 12. Nxd5 cxd5 13. Rc7 Bc8 14. O-O Qd6 15. Rc6 Qb4 16. Nd3 Qe7 17. Rc7 Qd6 18. Qc2 Nf6 19. Rc1 Bd7 20. Ne5 Rfd8 21. f3 Be8 22. Ba6 Nd7 23. Nc6 Qxc7 24. Ne7+ Kf8 25. Qxc7 Kxe7 26. Bb7 Rab8 27. g4 Kf8 28. Qd6+ Kg8 29. Qe7 Nf6 30. Rc7 Rd7 31. Rxd7 Bxd7 32. Ba6 h6 33. h4 Re8 34. Qd6 Bc8 35. Qc7 Bxa6 36. Qxa7 Be2 37. Kf2 Bd3 38. Qxb6 Rc8 39. a4 Rc2+ 40. Kg3 Bf1 41. a5 Rg2+ 42. Kf4 Kh7 43. a6 Bxa6 44. Qxa6 Rxb2 45. Qa7 h5 46. Qxf7 hxg4 47. fxg4 Rf2+ 48. Ke5 Re2 49. Kxe6 Rxe3+ 50. Kd6 Nxg4 51. Qh5+ Nh6 52. Qxd5 Rh3 53. Qe6 Rxh4 54. d5 Rh5 55. Qe4+ Nf5+ 56. Ke6 g6 57. d6 Rh4 58. Qxh4+ Nxh4 59. d7 g5 60. d8=Q g4 61. Qxh4+ Kg6 62. Qxg4+ 1-0


[Site "https://www.chess.com"]

[Event "Titled Tuesday Blitz July 26 Early 2022"]
[White "Gunina, Valentina"]
[Black "Korchmar, Vasiliy"]
[WhiteFideId "4167570"]
[BlackFideId "24131750"]
[WhiteElo "2386"]
[BlackElo "2370"]
[Result "1-0"]
[Round "07"]
[TimeControl "180+1"]
[Date "2022.07.26"]
[WhiteClock "0:02:21"]
[BlackClock "0:00:20"]

1. d4 d5 2. c4 c6 3. Nf3 Nf6 4. Nc3 e6 5. e3 Nbd7 6. Be2 dxc4 7. Bxc4 b5 8. Bd3 b4 9. Ne4 Nxe4 10. Bxe4 Bb7 11. O-O Be7 12. Bd2 O-O 13. Rc1 Qb6 14. Qc2 f5 15. Bd3 c5 16. Be2 Rac8 17. Qb3 Bd5 18. Bc4 Bxc4 19. Rxc4 cxd4 20. Nxd4 Nc5 21. Qxb4 Ne4 22. Qxe7 Nxd2 23. Nxe6 Qxb2 24. Rd4 Nxf1 25. Qxg7# 1-0


[Site "https://www.chess.com"]

[Event "Titled Tuesday Blitz July 26 Early 2022"]
[White "Guzman, Christopher"]
[Black "Garrido, Denis"]
[WhiteFideId "6405096"]
[BlackFideId "601217"]
[WhiteElo "2244"]
[BlackElo "2424"]
[Result "1-0"]
[Round "07"]
[TimeControl "180+1"]
[Date "2022.07.27"]
[WhiteClock "0:00:25"]
[BlackClock "0:00:02"]

1. e4 e5 2. Nf3 Nc6 3. Bb5 a6 4. Ba4 Nf6 5. O-O b5 6. Bb3 Bc5 7. Re1 d6 8. c3 O-O 9. a4 Rb8 10. axb5 axb5 11. d4 Bb6 12. h3 h6 13. Be3 Re8 14. Nbd2 exd4 15. cxd4 Bb7 16. Rc1 Na5 17. Bc2 c5 18. d5 Nd7 19. Bf4 Qf6 20. Bg3 Bc7 21. b3 Nf8 22. Nf1 Ng6 23. Ne3 Bc8 24. Bd3 Bd7 25. b4 Nb7 26. bxc5 Nxc5 27. Rxc5 dxc5 28. Bxc7 Ra8 29. d6 c4 30. Nd5 Qb2 31. Bf1 c3 32. Nb6 b4 33. Nxd7 c2 34. Qd2 b3 35. Nd4 Ra1 36. Rxa1 Qxa1 37. Nxc2 bxc2 38. Qxc2 Qa4 39. Qxa4 1-0


[Site "https://www.chess.com"]

[Event "Titled Tuesday Blitz July 26 Early 2022"]
[White "Hamley, Ryan"]
[Black "Sadubayev, Airat"]
[WhiteFideId "30959497"]
[BlackFideId "13713264"]
[WhiteElo "2522"]
[BlackElo "2163"]
[Result "0-1"]
[Round "07"]
[TimeControl "180+1"]
[Date "2022.07.27"]
[WhiteClock "0:00:01"]
[BlackClock "0:00:14"]

1. d4 d5 2. c4 c6 3. Nc3 Nf6 4. e3 e6 5. Nf3 Nbd7 6. b3 Bb4 7. Bd2 O-O 8. Bd3 b6 9. O-O Bb7 10. a3 Bd6 11. Re1 c5 12. h3 Re8 13. Qe2 Qe7 14. Nb5 Bb8 15. b4 a6 16. Nc3 dxc4 17. Bxc4 b5 18. Bd3 c4 19. Bc2 Nb6 20. e4 Bc7 21. Bg5 h6 22. Bh4 Qf8 23. e5 Nfd5 24. Ne4 Nf4 25. Qd2 Ng6 26. Bg3 Nd5 27. Nc5 Bc6 28. Be4 Bb6 29. Qc2 Bxc5 30. Bxg6 fxg6 31. dxc5 Qf5 32. Qxf5 gxf5 33. Nd4 Rac8 34. f4 Kf7 35. Red1 Red8 36. Rac1 Rd7 37. Nxc6 Rxc6 38. Rd4 Ke8 39. Kf2 Rc8 40. Ke2 Nc3+ 41. Rxc3 Rxd4 42. Ke3 Rcd8 43. Ke2 Rd3 44. Rc2 Rxg3 0-1


[Site "https://www.chess.com"]